 Dungeon Crawl Stone Soup version 0.31-a0-236-g9a0961fb85 (webtiles) character file.

Game seed: 11336301373335754738

285 qw the Shooter (level 6, -8/38 HPs)
             Began as a Gargoyle Hexslinger on July 10, 2023.
             Mangled by an ogre
             ... wielding a +0 giant club
              (16 damage)
             ... on level 4 of the Dungeon.
             The game lasted 00:00:51 (2608 turns).

qw the Shooter (Gargoyle Hexslinger)                Turns: 2608, Time: 00:00:51

Health: -8/38      AC:  9    Str: 11    XL:     6   Next: 29%
Magic:  7/7        EV: 10    Int: 14    God:
Gold:   171        SH:  0    Dex: 20    Spells: 6/7 levels left

rFire   + . .        Y - +3 sling
rCold   . . .        (no shield)
rNeg    + . .        k - +0 ring mail
rPois   inf          (no helmet)
rElec   +            (no cloak)
rCorr   .            (no gloves)
SInv    .            (no boots)
Will    .....        d - amulet of faith
Stlth   +            c - ring of protection from fire
HPRegen 0.26/turn    f - +6 ring of dexterity
MPRegen 0.10/turn

%: faith
@: no status effects
A: sickness immunity, AC +4, negative energy resistance 1, electricity
resistance, torment resistance 1, petrification resistance
a: no special abilities


You were on level 4 of the Dungeon.
You visited 1 branch of the dungeon, and saw 4 of its levels.

You collected 171 gold pieces.


Innate Abilities, Weirdness & Mutations

You are immune to sickness and miasma.
Your stone body is resilient. (AC +4)
You are immune to poison.
You resist negative energy. (rN+)
You are resistant to electric shocks. (rElec)
You are resistant to unholy torment.
You are immune to petrification.


   Skills:
 - Level 3.7 Fighting
 + Level 5.3 Ranged Weapons
 - Level 1.1 Armour
 - Level 1.5 Dodging
 - Level 1.0 Spellcasting
 - Level 2.6 Hexes


You had 6 spell levels left.
You knew the following spells:

 Your Spells              Type           Power      Damage    Failure   Level
a - Slow                  Hex            32%        N/A       21%         1

Your spell library contained the following spells:

 Spells                   Type           Power      Damage    Failure   Level
 Inner Flame              Hex/Fire       4%         N/A       71%         3
 Portal Projectile        Hex/Tloc       8%         N/A       71%         3
 Cause Fear               Hex            4%         N/A       90%         4

Inventory:

Hand Weapons
 Y - a +3 sling (weapon)
Armour
 k - a +0 ring mail (worn)
Jewellery
 c - a ring of protection from fire (left hand)
 d - an amulet of faith (around neck)
 f - a +6 ring of dexterity (right hand)
 j - an amulet of the acrobat
 m - a ring of resist corrosion
Scrolls
 a - a scroll of identify
Potions
 b - a potion of mutation {unknown}
 e - a potion of attraction {unknown}
 g - a potion of haste
 h - a potion of might {unknown}
 i - a potion of enlightenment
 l - a potion of resistance

Dungeon Overview and Level Annotations

Branches:
Dungeon (4/15)
 Temple: D:4-7

Altars:
Gozag

Annotations:
D:3 3 runed translucent doors, qw's ghost, amateur GrHs


Message History

Enter note:
Enter note:
Enter note: You shoot a sling bullet.
The sling bullet hits the endoplasm.
The endoplasm is severely wounded.
The endoplasm hits you but does no damage.
You shoot a sling bullet.
The sling bullet completely misses the endoplasm.
The endoplasm freezes you.
You are frozen.
You shoot a sling bullet. The sling bullet hits the endoplasm.
You kill the endoplasm!
You start resting.
HP restored.
Found a sling.
Enter note:
Enter note:
Enter note:
Enter note: You see here a +0 sling.
You open the door.
There is an open door here.
An ogre comes into view. It is wielding a +0 giant club.
The ogre shouts!
Enter note:
Enter note:
Enter note:
Enter note: You shoot a sling bullet.
The sling bullet hits the ogre.
The ogre is moderately wounded.
The ogre hits you with a +0 giant club!!
Ouch! That really hurt!
You shoot a sling bullet.
The sling bullet hits the ogre but does no damage.
The ogre is moderately wounded.
The ogre closely misses you.
You shoot a sling bullet. The sling bullet hits the ogre!
The ogre is heavily wounded.
The ogre hits you with a +0 giant club!
You die...

###)##.#...................##
# #.##.#.##.###...#.#.......#
# #....#............#######.#
# ###........#..........###)#
# #%.......#.....###......# #
#........###'#.# #..##### #
#...>....+ #.#.# #..# #
#........# #.#.###..#
#........# #@.......#
#........#.O.........
##########..........#
#..........# #...........
........... ....###.....
..... .....


You could see an ogre.

Vanquished Creatures
  An ogre (D:4)
  A phantom (D:4)
  A hound (D:2)
  4 adders
  2 worms (D:2)
  2 dart slugs
  2 orcs (D:4)
  8 endoplasms
  2 giant cockroaches
  5 goblins
  7 hobgoblins
  2 jackals (D:4)
  4 ball pythons
  2 bats
  2 frilled lizards
  4 kobolds
  5 rats
54 creatures vanquished.

Notes
Turn   | Place    | Note
-------+----------+-------------------------------------------
     0 | D:1      | qw the Gargoyle Hexslinger began the quest for the Orb.
     0 | D:1      | Reached XP level 1. HP: 12/12 MP: 2/2
     0 | D:1      | 0 ||| qw: Version: 0.3-a-52-g30416fa
     0 | D:1      | 0 ||| qw: Game counter: 4910
     0 | D:1      | 0 ||| qw: Melee chars always use a shield: true
     0 | D:1      | 0 ||| qw: God list: Okawaru
     0 | D:1      | 0 ||| qw: Allow faded altars: false
     0 | D:1      | 0 ||| qw: Do Orc after clearing Dungeon:15 true
     0 | D:1      | 0 ||| qw: Do second Lair branch before Depths: true
     0 | D:1      | 0 ||| qw: Lair rune preference: random
     0 | D:1      | 0 ||| qw: Goals: Normal
     0 | D:1      | 0 ||| PLANNING D:1-11
   201 | D:1      | Reached XP level 2. HP: 16/16 MP: 3/3
   433 | D:1      | Reached skill level 3 in Ranged Weapons
   818 | D:1      | 818 ||| UPGRADING to amulet of faith.
   823 | D:1      | 823 ||| READING scroll labelled PUTIACL JAEDEU.
   824 | D:1      | 824 ||| READING scroll labelled GUUFEK OMMOTA.
   825 | D:1      | 825 ||| DROPPING scroll of poison.
   874 | D:2      | Reached XP level 3. HP: 16/21 MP: 4/4
  1005 | D:2      | Reached XP level 4. HP: 26/26 MP: 5/5
  1047 | D:2      | Reached skill level 4 in Ranged Weapons
  1170 | D:2      | 1170 ||| READING scroll of enchant weapon.
  1170 | D:2      | 1170 ||| ENCHANTING +2 sling.
  1597 | D:2      | 1597 ||| UPGRADING to +0 leather armour.
  1607 | D:2      | 1607 ||| DROPPING +0 robe.
  1608 | D:2      | 1608 ||| UPGRADING to +0 ring mail.
  1618 | D:2      | 1618 ||| DROPPING +0 leather armour.
  1619 | D:2      | 1619 ||| READING scroll labelled JATIARPHAGY.
  1620 | D:2      | 1620 ||| DRINKING 2 puce potions.
  1621 | D:2      | 1621 ||| DRINKING 2 ruby potions.
  1763 | D:3      | Found a runed translucent gate.
  1763 | D:3      | Found a runed translucent gate.
  1765 | D:3      | Found a runed translucent gate.
  1765 | D:3      | Found an opulent altar of Gozag.
  1767 | D:3      | Noticed qw's ghost (amateur GrHs)
  2127 | D:3      | Reached skill level 1 in Armour
  2234 | D:3      | 2234 ||| UPGRADING to ring of protection from fire.
  2235 | D:3      | 2235 ||| UPGRADING to +6 ring of dexterity.
  2236 | D:3      | 2236 ||| DRINKING 2 metallic white potions.
  2340 | D:4      | Reached XP level 5. HP: 30/30 MP: 6/6
  2350 | D:4      | Noticed a phantom
  2358 | D:4      | Killed a phantom
  2359 | D:4      | Reached skill level 5 in Ranged Weapons
  2391 | D:4      | Noticed an ogre
  2400 | D:4      | Killed an ogre
  2401 | D:4      | Reached skill level 3 in Fighting
  2401 | D:4      | Reached XP level 6. HP: 22/38 MP: 7/7
  2606 | D:4      | HP: 7/38 [ogre/+0 giant club (31)]
  2608 | D:4      | Mangled by an ogre

Levels and vault maps discovered:
D:1:      minmay_arrival_four_houses, layout_loops_corners,
          minmay_misc_feat_iff, st_stairs_3, serial_bayou_pond_c
D:2:      layout_basic
D:3:      layout_loops_ring, ebering_ghost_gozag
D:4:      layout_basic, gammafunk_temple_overflow_elements

Skill      XL: |  1  2  3  4  5 |
---------------+----------------+-----
Ranged Weapons | 3 4 5 |  5.3
Fighting       | 2 3 |  3.7
Armour         | 1 |  1.1
Dodging        | |  1.5
Spellcasting   | |  1.0
Hexes          | |  2.6

Action                     |  1- 3 |  4- 6 || total
---------------------------+-------+-------++-------
   Fire: Sling             |    75 |    96 ||   171
    Use: Scroll            |     2 |     2 ||     4
         Potion            |       |     3 ||     3
 Armour: Robe              |     3 |       ||     3
         Ring mail         |       |     8 ||     8
  Dodge: Dodged            |    16 |    22 ||    38

Table legend:
 A = Non-vault XP
 B = Vault XP
 C = Vault XP percentage of total XP
 D = Non-vault monster count
 E = Vault monster count
 F = Vault count percentage of total count
                 A         B        C        D         E       F
            +---------+---------+-------+---------+---------+-------
      Total |     405 |       3 |   0.7 |      52 |       2 |   3.7
            +---------+---------+-------+---------+---------+-------
        D:1 |      27 |       3 |  10.0 |      16 |       2 |  11.1
        D:2 |     101 |       0 |   0.0 |      17 |       0 |   0.0
        D:3 |      23 |       0 |   0.0 |       7 |       0 |   0.0
        D:4 |     254 |       0 |   0.0 |      12 |       0 |   0.0
            +---------+---------+-------+---------+---------+-------
